 Dungeon Crawl Stone Soup version 0.23.2-33-g5129a83184 (webtiles) character file.

Game seed: 2860069472111018656

1663 MalarOregon the Grappler (level 9, -8/83 HPs)
             Began as a Ghoul Berserker on July 12, 2019.
             Was an Elder of Trog.
             Mangled by Harold
             ... wielding a +0 glaive
              (20 damage)
             ... on level 7 of the Dungeon.
             The game lasted 00:05:19 (4855 turns).

MalarOregon the Grappler (Ghoul Berserker)          Turns: 4855, Time: 00:05:20

Health: -8/83      AC: 12    Str: 20    XL:     9   Next: 1%
Magic:  8/8        EV:  6    Int:  3    God:    Trog [****..]
Gold:   277        SH:  0    Dex: 11    Spells: 8/8 levels left

rFire    . . .     SeeInvis .     - Unarmed
rCold    + + .     Gourm    .   (no shield)
rNeg     + + +     Faith    .   r - +0 plate armour
rPois    ∞         Spirit   .   t - +0 helmet
rElec    .         Reflect  .   h - +0 cloak
rCorr    .         Harm     .   (no gloves)
MR       .....                  (no boots)
Stlth    ..........             (no amulet)
HPRegen  0.00/turn              o - ring of protection from cold
MPRegen  0.11/turn              (no ring)

@: marked, rotting
A: rotting body, claws 1, carnivore, cold resistance 1, negative energy
resistance 3, inhibited regeneration, torment resistance, unbreathing
a: Trog's Hand, Brothers in Arms, Renounce Religion


You were on level 7 of the Dungeon.
You worshipped Trog.
Trog was greatly pleased with you.
You were not hungry.

You visited 1 branch of the dungeon, and saw 7 of its levels.

You collected 277 gold pieces.

Inventory:

Missiles
 c - 52 poisoned needles
 f - 286 stones
 u - 7 tomahawks (quivered)
 D - 8 tomahawks of dispersal {!f}
 G - 6 javelins
Armour
 h - a +0 cloak (worn)
   (You found it on level 1 of the Dungeon)
 r - a +0 plate armour (worn)
   (You found it on level 3 of the Dungeon)
 t - a +0 helmet (worn)
   (You took it off Robin on level 4 of the Dungeon)
Magical Staves
 l - an uncursed staff of poison {unknown}
   (You found it on level 4 of the Dungeon)
Jewellery
 o - a ring of protection from cold (left claw)
   (You found it on level 1 of the Dungeon)
Wands
 d - a wand of iceblast (7)
   (You found it on level 4 of the Dungeon)
 n - a wand of scattershot (3)
   (You found it on level 2 of the Dungeon)
Scrolls
 b - 3 scrolls of enchant weapon {unknown}
 g - 2 scrolls of remove curse {unknown}
 i - 2 scrolls of fear {unknown}
 j - a scroll of random uselessness {unknown}
 q - 4 scrolls of teleportation {unknown}
 y - 9 scrolls of identify {unknown}
 z - 2 scrolls of enchant armour {unknown}
 A - a scroll of blinking {unknown}
 F - 2 scrolls of magic mapping {unknown}
Potions
 a - a potion of might {unknown}
 k - a potion of agility
 m - a potion of lignification {unknown}
 p - 2 potions of invisibility {unknown}
 s - 3 potions of curing {unknown}
 v - a potion of mutation {unknown}
 w - a potion of cancellation {unknown}
 x - a potion of flight {unknown}
 B - a potion of haste {unknown}
 E - a potion of magic {unknown}
Comestibles
 e - 12 rations {!d}


   Skills:
 + Level 9.2 Fighting
 - Level 1.7 Armour
 - Level 1.7 Dodging
 + Level 9.2 Unarmed Combat


You had 8 spell levels left.
You didn't know any spells.
Your spell library was empty.

Dungeon Overview and Level Annotations

Branches:
Dungeon (7/15)             Temple (0/1) D:4

Altars:
Kikubaaqudgha
Nemelex Xobeh
Okawaru
The Shining One

Annotations:
D:4 1 runed translucent door, Crazy Yiuf
D:7 Harold


Innate Abilities, Weirdness & Mutations

Your body is rotting away.
You thrive on raw meat.
You are immune to poison.
You have sharp fingernails.
You are carnivorous and can eat meat at any time.
Your flesh is cold resistant. (rC+)
You are immune to negative energy. (rN+++)
You do not regenerate when monsters are visible.
You are immune to unholy pain and torment.
You can survive without breathing.


Message History

No target in view!
Found a stone staircase leading down.
No target in view!
A sky beast comes into view.
Harold the Weathered comes into view.
He is wielding a +0 glaive.
Harold throws a throwing net.
The throwing net hits you.
You become entangled in the net!
You see here a throwing net {!f}.
You are held in a net!
You struggle against the net.
Harold casts a spell at you. The harpoon shot misses you.
You struggle against the net.
Unknown command.
You shred the net and break free!
Unknown command.
You mangle the sky beast!! The sky beast hits you. The sky beast shocks you.
You scratch the sky beast. The sky beast hits you. The sky beast shocks you.
You scratch the sky beast.
You kill the sky beast!
Trog accepts your kill.
You can now call in reinforcements.
You have reached level 9!
Your experience leads to an increase in your attributes!
Increase (S)trength, (I)ntelligence, or (D)exterity?
You feel agile. Harold barely misses you.
You see here a sky beast corpse.
Your plate armour prevents you from hitting Harold.
Harold hits you with a +0 glaive!!
You scratch Harold but do no damage.
Harold points at you and mumbles some strange words.
A sentinel's mark forms upon you.
You scratch Harold. You closely miss Harold. Harold hits you with a +0 glaive!
* * * LOW HITPOINT WARNING * * *
You barely miss Harold.
Harold points at you and mumbles some strange words.
The mark upon you grows brighter.
You claw Harold! Harold hits you with a +0 glaive.
* * * LOW HITPOINT WARNING * * *
Your plate armour prevents you from hitting Harold.
You claw Harold! Harold hits you with a +0 glaive.
* * * LOW HITPOINT WARNING * * *
You claw Harold!
A worker ant comes into view.
Harold hits you with a +0 glaive!
* * * LOW HITPOINT WARNING * * *
You scratch Harold but do no damage.
You fail to use your ability.
Harold hits you with a +0 glaive!!
You die...

#### ..# #>#
#.####.########
#..[..........#
######a######.#
#.# #.#########
#@##
#.........#
#@.#
#########.#
##.# ########.#
..# ....[....#
.... ..######.#
..... ####.#
....#.. #....#
..#.# . #.##..
.##.# # ###


You could see Harold and a worker ant.

Vanquished Creatures
  Pikel (D:4)
  Sigmund (D:3)
  A black bear (D:6)
  A sky beast (D:7)
  An ogre (D:4)
  A bullfrog (D:6)
  A scorpion (D:6)
  2 crimson imps
  A jelly (D:5)
  5 orc wizards
  2 hounds
  An iguana (D:5)
  5 worker ants
  A killer bee zombie (D:5)
  Robin (D:4)
  A worker ant zombie (D:6)
  7 adders
  2 oozes (D:3)
  An adder skeleton (D:7)
  An adder zombie (D:6)
  5 worms
  4 dart slugs
  A leopard gecko (D:2)
  5 orcs (D:6)
  9 bats
  3 bat zombies (D:3)
  5 giant cockroaches
  13 goblins
  8 hobgoblins
  6 jackals (D:1)
  4 kobolds
  3 quokkas
  4 ball pythons
  4 frilled lizards
  A quokka skeleton (D:7)
  6 rats
118 creatures vanquished.

Vanquished Creatures (others)
  A slave (D:4)
  Ijyb (D:4)
  A worker ant (D:4)
3 creatures vanquished.

Grand Total: 121 creatures vanquished

Notes
Turn   | Place    | Note
-------+----------+-------------------------------------------
     0 | D:1      | MalarOregon the Ghoul Berserker began the quest for the
                  | Orb.
     0 | D:1      | Reached XP level 1. HP: 19/19 MP: 0/0
   120 | D:1      | Reached XP level 2. HP: 10/26 MP: 1/1
   584 | D:1      | Reached XP level 3. HP: 21/33 MP: 2/2
  1276 | D:2      | Reached XP level 4. HP: 32/41 MP: 3/3
  1820 | D:3      | Reached ** piety under Trog
  1998 | D:3      | Reached XP level 5. HP: 37/47 MP: 4/4
  2149 | D:3      | Reached skill level 5 in Fighting
  2279 | D:3      | Reached skill level 5 in Unarmed Combat
  2295 | D:3      | Noticed Sigmund
  2303 | D:3      | Killed Sigmund
  2303 | D:3      | Reached XP level 6. HP: 52/57 MP: 5/5
  2352 | D:3      | Found an ancient bone altar of Kikubaaqudgha.
  2485 | D:4      | Found an iron altar of Okawaru.
  2707 | D:4      | Found a staircase to the Ecumenical Temple.
  2766 | D:4      | Reached XP level 7. HP: 59/60 MP: 6/6
  2831 | D:4      | Noticed Robin
  2854 | D:3      | Reached *** piety under Trog
  2892 | D:4      | Killed Robin
  2956 | D:4      | Noticed Pikel
  2992 | D:4      | Killed Pikel
  2992 | D:4      | Reached XP level 8. HP: 24/74 MP: 7/7
  3121 | D:4      | Killed Ijyb
  3612 | D:4      | Found a runed translucent door.
  3613 | D:4      | Noticed Crazy Yiuf
  3657 | D:5      | Entered Level 5 of the Dungeon
  3978 | D:5      | Found a sparkling altar of Nemelex Xobeh.
  4718 | D:6      | Found a glowing golden altar of the Shining One.
  4835 | D:7      | Noticed Harold
  4843 | D:7      | Reached **** piety under Trog
  4843 | D:7      | Reached XP level 9. HP: 68/83 MP: 8/8
  4855 | D:7      | Mangled by Harold

Skill      XL: |  1  2  3  4  5  6  7  8 |
---------------+-------------------------+-----
Fighting       | 4 5 6 7 9 |  9.2
Unarmed Combat | 4 5 6 7 9 |  9.2
Armour         | |  1.7
Dodging        | |  1.7

Action                   |  1- 3 |  4- 6 |  7- 9 || total
-------------------------+-------+-------+-------++-------
Melee: Unarmed           |   126 |   140 |   192 ||   458
       Punch             |     3 |     1 |     2 ||     6
Throw: Tomahawk          |       |       |     4 ||     4
 Stab: Sleeping          |     1 |       |       ||     1
  Eat: Chunk             |     3 |     1 |    10 ||    14
       Ration            |       |     1 |       ||     1
Armor: Animal skin       |    29 |    11 |       ||    40
       Plate armour      |       |    44 |   127 ||   171
Dodge: Dodged            |    76 |    53 |    56 ||   185
